 Dungeon Crawl Stone Soup version 0.20.2-3-g29329e0561 (webtiles) character file.

262 Alfie the Shooter (level 5, -1/46 HPs)
             Began as a Minotaur Hunter on June 22, 2020.
             Slain by a gnoll
             ... wielding a +0 club
              (7 damage)
             ... on level 3 of the Dungeon.
             The game lasted 00:08:16 (1699 turns).

Alfie the Shooter (Minotaur Hunter)                 Turns: 1699, Time: 00:08:16

Health: -1/46      AC:  3    Str: 18    XL:     5   Next: 97%
Magic:  4/4        EV: 12    Int:  8    God:
Gold:   150        SH:  0    Dex: 10    Spells: 4/4 levels left

rFire    . . .     SeeInvis .   a - +1 shortbow
rCold    . . .     Gourm    .   (shield currently unavailable)
rNeg     . . .     Faith    .   c - +0 leather armour
rPois    .         Spirit   .   (helmet restricted)
rElec    .         Reflect  .   (no cloak)
rCorr    .         Harm     .   (no gloves)
MR       .....                  (no boots)
Stlth    +.........             (no amulet)
Regen    0.2/turn               (no ring)
MPRegen  0.1/turn               (no ring)

@: no status effects
A: retaliatory headbutt, horns 2
a: no special abilities


You were on level 3 of the Dungeon.
You were not hungry.

You visited 1 branch of the dungeon, and saw 3 of its levels.

You collected 150 gold pieces.

Inventory:

Hand Weapons
 a - a +1 shortbow (weapon)
 b - a +1 short sword
Missiles
 d - 30 arrows (quivered)
Armour
 c - a +0 leather armour (worn)
Jewellery
 e - an uncursed ring of see invisible {unknown}
Wands
 o - a wand of flame (8/48)
Scrolls
 g - a scroll of enchant armour {unknown}
 m - 2 scrolls of identify {unknown}
Potions
 h - a potion of berserk rage {unknown}
 i - a potion of mutation {unknown}
 k - 2 potions of heal wounds
 n - a potion of curing {unknown}
Comestibles
 f - 4 bread rations
 j - 2 meat rations
 l - a royal jelly


   Skills:
 + Level 3.9 Fighting
 + Level 0.4 Short Blades
 + Level 7.0 Bows
 + Level 1.7 Armour
 + Level 2.3 Dodging
 + Level 1.0 Stealth


You had 4 spell levels left.
You didn't know any spells.

Dungeon Overview and Level Annotations

Branches:
Dungeon (3/15)

Altars:
Elyvilon
Fedhas
Gozag
Kikubaaqudgha
Nemelex Xobeh
Uskayaw


Innate Abilities, Weirdness & Mutations

You reflexively headbutt those who attack you in melee.
You have a pair of horns on your head.


Message History

You shoot an arrow. The arrow barely misses the gnoll.
The arrow hits the worm!
You kill the worm!
You hear a shout!
The gnoll hits you with a club.
* * * LOW HITPOINT WARNING * * *
Firing (i - inventory):
d - 32 arrows (quivered)
Press: ? - help, Shift-Dir - straight line, f - gnoll
Aim: a gnoll, wielding a club You shoot an arrow.
The arrow hits the gnoll.
The gnoll is lightly wounded.
The gnoll closely misses you. The gnoll barely misses you.
You furiously retaliate!
You headbutt the gnoll.
Firing (i - inventory):
d - 31 arrows (quivered)
Press: ? - help, Shift-Dir - straight line, f/p - gnoll
Aim: a gnoll, wielding a club (heavily wounded)
You shoot an arrow. The arrow barely misses the gnoll.
The arrow hits the gnoll.
The gnoll is moderately wounded.
The gnoll closely misses you. The gnoll hits you with a club!
You die...

... #...(. ...
..(.. g. ...(
..##..$ .#..( .g(#
#g.# .### #g#
..... #@# ..
.....##.#### ...
............###...
............)....
.............#.
.............#
###..........#
###..........# #.
#......†.....#


You could see 3 gnolls.

Vanquished Creatures
  An orc priest (D:3)
  Natasha (thrice) (D:3)
  Terence (D:3)
  6 adders
  An ooze (D:1)
  5 worms
  3 dart slugs
  A leopard gecko (D:2)
  2 orcs (D:3)
  A ball python (D:1)
  9 bats
  4 giant cockroaches (D:2)
  4 goblins
  A hobgoblin (D:3)
  7 jackals
  6 kobolds
  3 frilled lizards
  5 rats
  2 fungi (D:2)
65 creatures vanquished.

Notes
Turn   | Place    | Note
-------+----------+-------------------------------------------
     0 | D:1      | Alfie the Minotaur Hunter began the quest for the Orb.
     0 | D:1      | Reached XP level 1. HP: 18/18 MP: 0/0
   128 | D:1      | Reached XP level 2. HP: 25/25 MP: 1/1
   188 | D:1      | Reached skill level 5 in Bows
   699 | D:2      | Reached XP level 3. HP: 29/30 MP: 2/2
   746 | D:2      | Found a hide-covered altar of Uskayaw.
  1068 | D:2      | Reached skill level 1 in Armour
  1131 | D:2      | Reached XP level 4. HP: 37/37 MP: 3/3
  1195 | D:2      | Reached skill level 1 in Stealth
  1236 | D:2      | Found an ancient bone altar of Kikubaaqudgha.
  1251 | D:2      | Found a blossoming altar of Fedhas.
  1320 | D:2      | Found a white marble altar of Elyvilon.
  1320 | D:2      | Found an opulent altar of Gozag.
  1322 | D:2      | Found a sparkling altar of Nemelex Xobeh.
  1508 | D:2      | Reached skill level 6 in Bows
  1558 | D:3      | Noticed Natasha
  1561 | D:3      | Killed Natasha
  1561 | D:3      | Reached XP level 5. HP: 45/45 MP: 4/4
  1565 | D:3      | Noticed Terence
  1577 | D:3      | Killed Terence
  1630 | D:3      | Noticed Natasha
  1634 | D:3      | Killed Natasha
  1654 | D:3      | Noticed Natasha
  1658 | D:3      | Killed Natasha
  1658 | D:3      | Reached skill level 7 in Bows
  1699 | D:3      | Slain by a gnoll

Skill      XL: |  1  2  3  4  5 |
---------------+----------------+-----
Bows           | 5 6 7 |  7.0
Armour         | 1 |  1.7
Stealth        | 1 |  1.0
Fighting       | 3 |  3.9
Short Blades   | |  0.4
Dodging        | |  2.3

Action                   |  1- 3 |  4- 6 || total
-------------------------+-------+-------++-------
Melee: Short sword       |     5 |    21 ||    26
       Headbutt          |     1 |     6 ||     7
 Fire: Shortbow          |    95 |   106 ||   201
  Use: Scroll            |     4 |       ||     4
       Potion            |     1 |       ||     1
  Eat: Royal jelly       |       |     1 ||     1
Armor: Leather armour    |     9 |     9 ||    18
Dodge: Dodged            |    23 |    26 ||    49
